 Dungeon Crawl Stone Soup version 0.17.1-3-g152610e (webtiles) character file.

2863 Mechanique the Frost Mage (level 9, -3/57 HPs)
             Began as a Mummy Ice Elementalist on Mar 4, 2016.
             Was a Priest of Vehumet.
             Slain by an orc warrior
             ... wielding a +2 trident of freezing
              (5 damage)
             ... on level 8 of the Dungeon on Mar 9, 2016.
             The game lasted 01:25:23 (12922 turns).

Mechanique the Frost Mage (Mummy Ice Elementalist) Turns: 12922, Time: 01:25:24

Health: -3/57      AC: 11    Str: 19    XL:     9   Next: 47%
Magic:  2/22       EV: 12    Int: 17    God:    Vehumet [***...]
Gold:   161        SH:  0    Dex: 10    Spells: 4 memorised, 3 levels left

rFire  x . .     SeeInvis .     x - +1 mace (protect)
rCold  + . .     Clarity  .     t - +0 robe
rNeg   + + +     SustAt   .     (no shield)
rPois  ∞         Gourm    .     w - +0 helmet
rElec  .         Spirit   .     (no cloak)
rCorr  .         Warding  .     y - +1 pair of gloves of Darkness {rF- Str+7 Dex-2 Slay+2}
rMut   .         Stasis   .     n - +0 pair of boots
MR     +....                    (no amulet)
Stlth  ++........               q - ring of protection from fire
                                g - ring of magical power

@: somewhat resistant to hostile enchantments, unstealthy
A: no food or potions, fire vulnerability, cold resistance 1, negative energy
resistance 3, torment resistance, unbreathing
a: Renounce Religion


You were on level 8 of the Dungeon.
You worshipped Vehumet.
Vehumet was most pleased with you.
You were not hungry.

You visited 1 branch of the dungeon, and saw 9 of its levels.

You collected 436 gold pieces.
You spent 275 gold pieces at shops.

Inventory:

Hand Weapons
 l - a +1 dagger of venom
 v - a +0 whip of pain
 x - a +1 mace of protection (weapon)
Armour
 n - a +0 pair of boots (worn)
 s - a +0 robe
 t - a +0 robe (worn)
 u - a cursed +0 robe
 w - a +0 helmet (worn)
 y - the +1 pair of gloves of Darkness (worn) {rF- Str+7 Dex-2 Slay+2}
   (You found it on level 8 of the Dungeon)

   It affects your strength (+7).
   It affects your dexterity (-2).
   It affects your accuracy and damage with ranged weapons and melee attacks
   (+2).
   It makes you vulnerable to fire.
 z - a +0 robe
 A - a +0 robe
Jewellery
 g - a ring of magical power (left hand)
 q - a ring of protection from fire (right hand)
Wands
 i - a wand of polymorph (5)
 j - a wand of draining (5)
 k - a wand of slowing (24)
Scrolls
 c - 2 scrolls of enchant armour
 d - 5 scrolls of identify
 e - a scroll of enchant weapon
 f - a scroll of remove curse
 h - 2 scrolls of fear
 p - 2 scrolls of magic mapping
Books
 b - a book of Frost

   Spells                             Type                      Level
   a - Freeze                         Ice                          1
   b - Throw Frost                    Conjuration/Ice              2
   c - Ozocubu's Armour               Charms/Ice                   3
   d - Throw Icicle                   Conjuration/Ice              4
   e - Summon Ice Beast               Ice/Summoning                4
   f - Condensation Shield            Ice                          4
 m - a book of Unlife

   Spells                             Type                      Level
   a - Recall                         Summoning/Translocation      3
   b - Animate Dead                   Necromancy                   4
   c - Control Undead                 Necromancy                   4
   d - Cigotuvi's Embrace             Necromancy                   5
   e - Death Channel                  Necromancy                   6
   f - Simulacrum                     Ice/Necromancy               6
 r - a book of Conjurations

   Spells                             Type                      Level
   a - Magic Dart                     Conjuration                  1
   b - Searing Ray                    Conjuration                  2
   c - Dazzling Spray                 Conjuration/Hexes            3
   d - Fulminant Prism                Conjuration/Hexes            4
   e - Iskenderun's Mystic Blast      Conjuration                  4
   f - Iskenderun's Battlesphere      Conjuration/Charms           5


   Skills:
 + Level 2.1 Dodging
 - Level 1.6 Stealth
 + Level 3.0 Spellcasting
 + Level 5.5 Conjurations
 + Level 4.7 Charms
 * Level 8.1 Ice Magic


You had 3 spell levels left.
You knew the following spells:

 Your Spells              Type           Power        Failure   Level  Hunger
b - Throw Frost           Conj/Ice       ####..       1%          2    N/A
c - Searing Ray           Conj           ###...       1%          2    N/A
d - Ozocubu's Armour      Chrm/Ice       ###.....     4%          3    N/A
e - Throw Icicle          Conj/Ice       ####....     3%          4    N/A

Dungeon Overview and Level Annotations

Branches:
Dungeon (9/15)             Temple (0/1) D:5            Lair (0/8) D:8
    Orc: D:9-12

Altars:
Ashenzari
Cheibriados
Dithmenos
Elyvilon
Gozag
Kikubaaqudgha
Makhleb
Okawaru
Ru
Trog
Vehumet
Xom
Yredelemnul
Zin
The Shining One

Shops:
D:5 =!   D:6 %

Annotations:
D:3 Malevolent's ghost, amateur HOFE


Innate Abilities, Weirdness & Mutations

You do not eat or drink.
Your flesh is vulnerable to fire.
You are immune to poison.
Your flesh is cold resistant.
You are immune to negative energy.
You are immune to unholy pain and torment.
You can survive without breathing.


Message History

You see here an enchanted dagger.
Casting: Throw Frost
Confirm with . or Enter, or press ? or * to list all spells.
Aiming: Throw Frost
Press: ? - help, Shift-Dir - straight line, f/p - orc warrior
Aim: an orc warrior, wielding a trident of freezing and wearing a plate armour (heavily wounded)
The puff of frost hits the orc warrior.
The orc warrior is almost dead.
The orc warrior hits you with a trident of freezing!
The orc warrior freezes you.
You hit the orc warrior.
The orc warrior is almost dead.
The orc warrior hits you with a trident of freezing.
The orc warrior freezes you. The orc warrior barely misses you.
You hit the orc warrior.
The orc warrior is almost dead.
The orc warrior hits you with a trident of freezing!!
* * * LOW HITPOINT WARNING * * *
The orc warrior freezes you.
You die...

.#............#'#####+###...##o.#
..............'...'...#......#...
._............#...#...#......#...
..............#...#...#......#...
..............#################'#
....########.................#...
....#......#.........))....[.'...
....#......#...)......)......#...
....######'#....@o.).........####
#'#...........##############.....
..#..>........#....'.......#.....
..#...........#....#.......'.....
#.#......<....###.##########.....
#.##+#######....####..........#'#
#......#...#....# #..........#..
#......#...#....# #.........>'..
#......#...#....# #..........#..


You could see an orc warrior.

Vanquished Creatures
  A two-headed ogre (D:5)
  Menkaure (D:5)
  An orc warrior (D:7)
  2 ice beasts
  A centaur (D:6)
  A sky beast (D:4)
  A black bear (D:7)
  2 ogres
  A big kobold (D:8)
  A gnoll sergeant (D:7)
  A giant frog (D:6)
  A wyvern skeleton (D:8)
  5 wights (D:8)
  An orc priest (D:9)
  5 crimson imps
  2 hounds (D:6)
  3 vampire bats (D:4)
  A jelly (D:5)
  4 worker ants
  3 centaur skeletons
  6 iguanas
  9 orc wizards
  A killer bee zombie (D:7)
  A hound zombie (D:6)
  A worker ant zombie (D:5)
  10 adders
  7 gnolls
  A shadow imp (D:5)
  4 oozes
  A worm (D:2)
  4 giant geckos
  17 orcs
  2 ball pythons
  8 bats
  4 bat skeletons (D:4)
  2 bat zombies (D:4)
  9 giant cockroaches
  6 hobgoblins
  15 jackals
  8 kobolds
  4 quokkas
  3 giant newts
  8 goblins
  A quokka skeleton (D:7)
  2 quokka zombies (D:8)
  7 rats
179 creatures vanquished.

Notes
Turn   | Place    | Note
--------------------------------------------------------------
     0 | D:1      | Mechanique the Mummy Ice Elementalist began the quest for the Orb.
     0 | D:1      | Reached XP level 1. HP: 13/13 MP: 3/3
   331 | D:1      | Found a glowing silver altar of Zin.
   331 | D:1      | Found a radiant altar of Vehumet.
   331 | D:1      | Noticed a big kobold
   331 | D:1      | Noticed a big kobold
   331 | D:1      | Noticed a big kobold
   332 | D:1      | Noticed a troll
   335 | D:1      | Reached XP level 2. HP: 8/19 MP: 0/5
   336 | D:1      | Noticed a big kobold
  1611 | D:1      | Learned a level 2 spell: Throw Frost
  1636 | D:1      | Reached XP level 3. HP: 24/24 MP: 6/6
  2111 | D:2      | Reached skill level 3 in Ice Magic
  2274 | D:2      | Reached skill level 1 in Conjurations
  2710 | D:2      | Found an opulent altar of Gozag.
  2710 | D:2      | Found a radiant altar of Vehumet.
  2710 | D:2      | Found a shimmering altar of Xom.
  2767 | D:2      | Became a worshipper of Vehumet
  2882 | D:2      | Reached XP level 4. HP: 27/30 MP: 7/7
  3316 | D:3      | Found a bloodstained altar of Trog.
  3340 | D:3      | Noticed Malevolent's ghost (amateur HOFE)
  3616 | D:3      | Found a white marble altar of Elyvilon.
  3818 | D:3      | Found a shadowy altar of Dithmenos.
  4333 | D:4      | Reached * piety under Vehumet
  4333 | D:4      | Offered knowledge of Sting by Vehumet.
  4500 | D:4      | Noticed an ogre
  4505 | D:4      | Killed an ogre
  4505 | D:4      | Reached skill level 4 in Ice Magic
  4505 | D:4      | Reached XP level 5. HP: 35/35 MP: 7/8
  4789 | D:4      | Found an ancient bone altar of Kikubaaqudgha.
  4803 | D:4      | Reached skill level 5 in Ice Magic
  4803 | D:4      | Reached XP level 6. HP: 29/41 MP: 6/9
  4933 | D:4      | Noticed a phantom
  5199 | D:3      | Learned a level 2 spell: Searing Ray
  5660 | D:5      | Entered Level 5 of the Dungeon
  5785 | D:5      | Found a staircase to the Ecumenical Temple.
  5797 | D:5      | Found Siclyfugh's Distillery.
  5816 | D:5      | Found a shattered altar of Ashenzari.
  5872 | D:5      | Reached XP level 7. HP: 37/46 MP: 10/10
  5911 | D:5      | Learned a level 3 spell: Ozocubu's Armour
  5918 | D:5      | Noticed Menkaure
  5945 | D:5      | Killed Menkaure
  6081 | D:5      | Found an iron altar of Okawaru.
  6180 | D:5      | Reached skill level 1 in Charms
  6206 | D:5      | Offered knowledge of Flame Tongue by Vehumet.
  6259 | D:4      | HP: 1/46 [something (5)]
  6260 | D:4      | Reached ** piety under Vehumet
  6643 | D:5      | Found Qiezirub's Jewellery Shop.
  6881 | D:5      | Noticed a two-headed ogre
  6892 | D:5      | Killed a two-headed ogre
  6892 | D:5      | Reached XP level 8. HP: 28/52 MP: 11/11
  7575 | D:6      | Found Fumnav's Food Shoppe.
  7637 | D:5      | Bought an uncursed ring of protection from fire for 275 gold pieces
  7981 | D:6      | Reached skill level 6 in Ice Magic
  8073 | D:6      | Found a basalt altar of Yredelemnul.
  8327 | D:6      | Learned a level 4 spell: Throw Icicle
  9101 | D:7      | Reached skill level 7 in Ice Magic
  9354 | D:7      | Offered knowledge of Static Discharge by Vehumet.
  9680 | D:7      | Reached XP level 9. HP: 54/57 MP: 12/12
  9744 | D:7      | Reached skill level 5 in Conjurations
  9936 | D:8      | Found a burning altar of Makhleb.
  9967 | D:8      | Found a sacrificial altar of Ru.
  9971 | D:8      | Found a snail-covered altar of Cheibriados.
  9971 | D:8      | Found a glowing golden altar of the Shining One.
 10404 | D:8      | Reached *** piety under Vehumet
 11232 | D:8      | Got a pair of fine gloves
 11238 | D:8      | Identified the +1 pair of gloves of Darkness {rF- Str+7 Dex-2 Slay+2} (You found it on level 8 of the Dungeon)
 11359 | D:8      | Found a staircase to the Lair.
 11835 | D:8      | Reached skill level 8 in Ice Magic
 12922 | D:8      | HP: 2/57 [orc warrior/trident of freezing (19)]
 12922 | D:8      | Slain by an orc warrior

Action                   |  1- 3 |  4- 6 |  7- 9 || total
-------------------------+-------+-------+-------++-------
Melee: Unarmed           |    11 |       |       ||    11
       Whip              |    62 |     3 |       ||    65
       Club              |     7 |       |       ||     7
       Dagger            |       |    51 |    35 ||    86
       Mace              |       |       |     8 ||     8
 Cast: Freeze            |    21 |    43 |    58 ||   122
       Throw Frost       |    30 |    56 |   105 ||   191
       Searing Ray       |       |     5 |    44 ||    49
       Ozocubu's Armour  |       |       |    11 ||    11
       Throw Icicle      |       |       |    24 ||    24
Evoke: Wand              |       |     2 |       ||     2
  Use: Scroll            |       |     7 |     4 ||    11
 Stab: Sleeping          |       |     1 |     1 ||     2
